 Dungeon Crawl Stone Soup version 0.23-a0-356-g1757c6e (webtiles) character file.

19 Cryolive the Digger (level 2, 0/15 HPs)
             Began as a Gargoyle Earth Elementalist on Oct 21, 2018.
             Slain by a jackal (1 damage)
             ... on level 1 of the Dungeon.
             The game lasted 00:02:02 (344 turns).

Cryolive the Digger (Gargoyle Earth Elementalist)    Turns: 344, Time: 00:02:02

Health: 0/15       AC:  5    Str: 11    XL:     2   Next: 75%
Magic:  5/5        EV: 12    Int: 15    God:
Gold:   13         SH:  0    Dex: 10    Spells: 5/6 levels left

rFire    . . .     SeeInvis .   j - +0 whip
rCold    . . .     Gourm    .   (no shield)
rNeg     + . .     Faith    .   c - +0 robe
rPois    ∞         Spirit   .   f - +0 helmet
rElec    +         Reflect  .   (no cloak)
rCorr    .         Harm     .   (no gloves)
MR       .....                  (no boots)
Stlth    ++........             (no amulet)
HPRegen  0.05/turn              (no ring)
MPRegen  0.09/turn              (no ring)

@: no status effects
A: negative energy resistance 1, electricity resistance, unbreathing,
petrification resistance, rot immunity, AC +2
a: no special abilities


You were on level 1 of the Dungeon.
You were not hungry.

You visited 1 branch of the dungeon, and saw 1 of its levels.

You collected 13 gold pieces.

Inventory:

Hand Weapons
 j - a +0 whip (weapon)
Missiles
 b - 30 stones (quivered)
Armour
 c - a +0 robe (worn)
 f - a +0 helmet (worn)
Scrolls
 a - a scroll of identify {unknown}
 e - a scroll of magic mapping {unknown}
 h - a scroll of immolation {unknown}
 i - a scroll of enchant armour {unknown}
Comestibles
 d - a ration


   Skills:
 - Level 1.5 Dodging
 - Level 2.1 Stealth
 + Level 2.5 Spellcasting
   Level 0.7 Transmutations
 + Level 4.2 Earth Magic


You had 5 spell levels left.
You knew the following spells:

 Your Spells              Type           Power        Failure   Level  Hunger
a - Sandblast             Erth           ##....       3%          1    #......

Your spell library contained the following spells:

 Spells                   Type           Power        Failure   Level  Hunger
 Passwall                 Tmut/Erth      #.......     12%         2    ###....
 Stone Arrow              Conj/Erth      #.....       26%         3    ###....
 Petrify                  Tmut/Erth      #.......     58%         4    #####..
 Lee's Rapid Deconstruct  Erth           ##........   71%         5    ######.


Dungeon Overview and Level Annotations

Branches:
Dungeon (1/15)

Altars:


Innate Abilities, Weirdness & Mutations

You are resistant to torment.
Your stone body is resilient. (AC +2)
You are immune to poison.
You resist negative energy. (rN+)
You are resistant to electric shocks. (rElec)
You can survive without breathing.
You are immune to petrification.
You are immune to rotting.


Message History

Tha jackal barks!
Ye hear a bark!
A jackal comes inta view. x2
Thar be a stone staircase leadin' down 'ere.
Tha jackal bites ye but does nay damage.
Tha jackal barely misses ye.
Tha jackal bites ye.
Tha jackal misses ye.
Thin's tha be 'ere: a +0 club; a jackal corpse; a rat corpse Ye barely miss tha jackal.
Tha jackal bites ye.
Tha jackal barely misses ye.
Ye hit tha jackal.
Tha jackal be heavily wounded.
Ye miss tha jackal.
Tha jackal barely misses ye.
Tha jackal bites ye.
* * * LOW HITPOINT WARNIN'
* * * Tha jackal barely misses ye.
Ye hit tha jackal.
Tha jackal be lightly wounded.
Tha jackal bites ye.
* * * LOW HITPOINT WARNIN'
* * * Tha jackal bites ye.
Ye die...

##.....## #.......# #.......#
#.......## ### ##.......### #.###
#?.........## #...##############
#........#..###...##...........#
.........##>...#####...........#
...............h@.##...........#
###...##...#####h###...........##
..... ##.....)...##...........##
....## #..........+.....<.....'.
h... #.........##...........##
............##...........##
##....>.....##...........##
#..........##...........##
##.........##...........##


You could see 2 jackals.

Vanquished Creatures
  An ooze (D:1)
  2 leopard geckos (D:1)
  3 hobgoblins (D:1)
  A jackal (D:1)
  A ball python (D:1)
  2 bats (D:1)
  2 kobolds (D:1)
  3 rats (D:1)
15 creatures vanquished.

Notes
Turn   | Place    | Note
-------+----------+-------------------------------------------
     0 | D:1      | Cryolive the Gargoyle Earth Elementalist began the quest
                  | for the Orb.
     0 | D:1      | Reached XP level 1. HP: 10/10 MP: 3/3
    64 | D:1      | Reached skill level 4 in Earth Magic
    64 | D:1      | Reached XP level 2. HP: 8/15 MP: 5/5
   344 | D:1      | Slain by a jackal

Vault maps used:
D:1:      psy_arrival_statuary, serial_bayou_pond_e,
          chequers_serial_rivers_micro_b

Skill      XL: |  1 |
---------------+----+-----
Earth Magic    | 4 |  4.2
Dodging        | |  1.5
Stealth        | |  2.1
Spellcasting   | |  2.5
Transmutations | |  0.7

Action                   || total
-------------------------++-------
Melee: Hand axe          ||    19
       Unarmed           ||     4
       Whip              ||    21
 Cast: Sandblast         ||     2
Armor: Robe              ||    15
Dodge: Dodged            ||    43

Table legend:
 A = Non-vault XP
 B = Vault XP
 C = Vault XP percentage of total XP
 D = Non-vault monster count
 E = Vault monster count
 F = Vault count percentage of total count
                 A         B        C        D         E       F
            +---------+---------+-------+---------+---------+-------
      Total |      28 |       0 |   0.0 |      15 |       0 |   0.0
            +---------+---------+-------+---------+---------+-------
        D:1 |      28 |       0 |   0.0 |      15 |       0 |   0.0
            +---------+---------+-------+---------+---------+-------
